 Dungeon Crawl Stone Soup version 0.29.1-15-g9cfb28693d (webtiles) character file.

Game seed: 12802527614850030962

58 Mysteryquy the Cudgeller (level 4, 0/28 HPs)
             Began as a Gargoyle Fighter on Apr 25, 2023.
             Slain by a hobgoblin
             ... wielding a +0 mace
              (1 damage)
             ... on level 3 of the Dungeon.
             The game lasted 00:02:28 (1504 turns).

Mysteryquy the Cudgeller (Gargoyle Fighter)         Turns: 1504, Time: 00:02:28

Health: 0/28       AC: 17    Str: 22    XL:     4   Next: 1%
Magic:  4/4        EV:  6    Int:  8    God:
Gold:   193        SH:  4    Dex:  9    Spells: 3/3 levels left

rFire   . . .      SeeInvis .   a - +0 flail
rCold   . . .      Faith    .   c - +0 buckler
rNeg    + . .      Spirit   .   t - +0 plate armour
rPois   ∞          Reflect  .   (no helmet)
rElec   +          Harm     .   i - +0 cloak
rCorr   +          Rampage  .   v - +0 pair of gloves
Will    .....                   (no boots)
Stlth   ..........              (no amulet)
HPRegen 0.09/turn               j - ring of resist corrosion
MPRegen 0.09/turn               (no ring)

@: no status effects
A: sickness immunity, AC +3, negative energy resistance 1, electricity
resistance, torment resistance 1, petrification resistance
a: no special abilities


You were on level 3 of the Dungeon.
You visited 1 branch of the dungeon, and saw 3 of its levels.

You collected 193 gold pieces.

Inventory:

Hand Weapons
 a - a +0 flail (weapon)
Armour
 c - a +0 buckler (worn)
 i - a +0 cloak (worn)
 t - a +0 plate armour (worn)
 v - a +0 pair of gloves (worn)
Jewellery
 j - a ring of resist corrosion (left hand)
Scrolls
 b - a scroll of torment {unknown}
 e - 3 scrolls of identify {unknown}
 g - a scroll of brand weapon {unknown}
 m - a scroll of magic mapping {unknown}
 n - a scroll of poison {unknown}
 o - a scroll of fog {unknown}
 p - a scroll of teleportation {unknown}
 r - a scroll of enchant weapon {unknown}
 u - a scroll of fear {unknown}
Potions
 d - a potion of might
 f - 2 potions of resistance {unknown}
 h - a potion of haste {unknown}
 k - 3 potions of brilliance {unknown}
 l - 2 potions of attraction {unknown}
 q - a potion of invisibility {unknown}
 s - a potion of curing {unknown}
 w - a potion of flight {unknown}
 x - a potion of heal wounds {unknown}


   Skills:
 - Level 3.2 Fighting
 + Level 4.1 Maces & Flails
 - Level 3.2 Armour
 - Level 3.2 Shields


You had 3 spell levels left.
You didn't know any spells.
Your spell library contained the following spells:

 Spells                   Type           Power      Damage    Failure   Level
 Apportation              Tloc           0%         N/A       100%        1
 Necrotise                Necr           0%         1d4       100%        1
 Vampiric Draining        Necr           0%         2d6       100%        3
 Agony                    Necr           0%         N/A       100%        5
 Alistair's Intoxication  Tmut/Pois      0%         N/A       100%        5


Dungeon Overview and Level Annotations

Branches:
Dungeon (3/15)

Altars:


Innate Abilities, Weirdness & Mutations

You are immune to sickness and miasma.
Your stone body is resilient. (AC +3)
You are immune to poison.
You resist negative energy. (rN+)
You are resistant to electric shocks. (rElec)
You are resistant to unholy torment.
You are immune to petrification.


Message History

The hobgoblin hits you with a +0 mace.
You closely miss the hobgoblin. The hobgoblin hits you.
The hobgoblin hits you but does no damage. x3
You thump the hobgoblin!
You kill the hobgoblin!
The hobgoblin hits you with a +0 mace.
You have reached level 4!
You feel stronger.
You closely miss the kobold. The kobold closely misses you.
The hobgoblin barely misses you.
You completely miss the kobold.
The hobgoblin hits you but does no damage.
The kobold hits you with a +0 club.
You hit the kobold.
The kobold is severely wounded.
The hobgoblin hits you but does no damage.
The kobold hits you but does no damage. The kobold barely misses you.
The hobgoblin hits you but does no damage.
You closely miss the kobold.
The kobold is severely wounded.
The hobgoblin hits you but does no damage.
You block the kobold's attack.
You closely miss the kobold.
The kobold is severely wounded.
You block the kobold's attack. The hobgoblin hits you with a +0 mace.
You closely miss the kobold.
The kobold is severely wounded.
The hobgoblin barely misses you. The kobold hits you but does no damage.
You hit the kobold but do no damage.
The kobold is severely wounded.
The hobgoblin hits you with a +0 mace!
* * * LOW HITPOINT WARNING * * *
The kobold hits you but does no damage. x2; The hobgoblin barely misses you.
You barely miss the hobgoblin. The hobgoblin closely misses you.
The kobold hits you but does no damage.
You barely miss the hobgoblin. The hobgoblin hits you with a +0 mace.
* * * LOW HITPOINT WARNING * * *
The kobold hits you but does no damage.
You closely miss the hobgoblin. The hobgoblin hits you with a +0 mace.
You die...

##.# #..## #..# ##.##
###.## ##...# ..#.#
#..... #.#.# #.....
#.#.# #.....
#.#.#######....#
#########.#...........##
......K@g....)#####..#.#
....#####.##### ##.###.
. #†# #.## ##
####.#########.###.
##...........##..#.#
..........####.##.#.##
...........# #.##.#.#
...#.####g.# #.##.#.#
...#.####..###.##.#.#


You could see a hobgoblin and a kobold.

Vanquished Creatures
  4 dart slugs
  5 ball pythons
  2 endoplasms (D:1)
  3 giant cockroaches
  6 goblins
  3 hobgoblins
  3 jackals (D:3)
  5 kobolds (D:1)
  4 quokkas
  2 bats
  A frilled lizard (D:1)
  6 rats
44 creatures vanquished.

Notes
Turn   | Place    | Note
-------+----------+-------------------------------------------
     0 | D:1      | Mysteryquy the Gargoyle Fighter began the quest for the
                  | Orb.
     0 | D:1      | Reached XP level 1. HP: 14/14 MP: 1/1
    70 | D:1      | Reached XP level 2. HP: 19/19 MP: 2/2
   107 | D:1      | Reached skill level 3 in Maces & Flails
   230 | D:1      | Reached XP level 3. HP: 23/23 MP: 3/3
  1323 | D:3      | Reached skill level 4 in Maces & Flails
  1495 | D:3      | Reached XP level 4. HP: 19/28 MP: 4/4
  1503 | D:3      | HP: 1/28 [hobgoblin/+0 mace (3)]
  1504 | D:3      | Slain by a hobgoblin

Illustrated notes

Levels and vault maps discovered:
D:1:      scummos_arrival_simple_fountains, layout_basic
D:2:      layout_rooms
D:3:      layout_loops_ring, overflow_temple_1_default,
          hellmonk_ecumenical_altar_lost_god, uniq_terence

Skill      XL: |  1  2  3 |
---------------+----------+-----
Maces & Flails | 3 4 |  4.1
Fighting       | |  3.2
Armour         | |  3.2
Shields        | |  3.2

Action                   |  1- 3 |  4- 6 || total
-------------------------+-------+-------++-------
Melee: Flail             |   115 |    10 ||   125
Armor: Scale mail        |    51 |       ||    51
       Plate armour      |    30 |    10 ||    40
Dodge: Dodged            |    49 |     6 ||    55
Block: Buckler           |    23 |     2 ||    25
